Unix NetHack Version 5.0.0-0 post-release - last build May  4 2026 22:22:43 (774f63e81ad911689b3a0859ea89b322d5daca8d,branch:main).

Game began 2026-05-05 10:12:23, ended 2026-05-05 10:27:03.

1212459919, lawful female human Knight

                    ----
                    |..|        --
                   --..--      -.--
                  --....|      ...|
  --   --       ---.....|    --..
 --. ---...     |.h.....------..-
 |.....^.....----..@...........-
 |.................G......G....--------
 --.............................G.....|
  -- --... ---.........----....------ -
      -      |?........|  --...--
             |..-.---.-|   --...|
             |....||...|    --..--
             |.------%.----  |...--
             |.     |!....|  |....--
             .      |)....----.....|
             -      ----...|.......|
                        -........<.|
                        ---.|......|
                          ----.-----
                             ---
1212459919 the Esquire   St:14 Dx:8 Co:12 In:9 Wi:15 Ch:17  Lawful
Dlvl:4  $:31 HP:0(28) Pw:20(20) AC:3  Xp:3 T:903  Hungry  

Latest messages:
 The bat misses!
 The bat misses!
 The bat bites!
 The bat bites!
 You descend the stairs.
 What do you want to eat? [ghij or ?*] g
 Core dumped.
 You only feel hungry now.
 What do you want to eat? [ghij or ?*] h
 This carrot is delicious!
 What do you want to eat? [ghij or ?*] h
 This carrot is delicious!
 The gnome lord misses!
 The gnome throws a dart!
 A dart misses you.
 The gnome hits!
 The gnome picks up a dart.
 You are beginning to feel hungry.
 You hit the gnome lord!
 The gnome throws a dart!
 The dart hits the gnome lord.
 You hit the gnome lord.
 You miss the gnome lord.
 The gnome hits!
 The gnome lord hits!
 You kill the gnome lord!
 Welcome to experience level 3.
 The gnome hits!
 The gnome picks up a scroll labeled VELOX NEB.
 The gnome throws a dart!
 The dart hits the gnome.
 The gnome reads a scroll labeled VELOX NEB!
 The gnome vanishes!
 You miss the gnome.
 The gnome misses!
 The gnome picks up a pair of combat boots.
 You kill the gnome!
 The gnome throws a dart!
 You are almost hit by a dart.
 You see here a murky potion.
 The gnome misses!
 You kill the gnome!
 The gnome hits!
 The gnome hits!
 You die...
 Do you want your possessions identified? [ynq] (y) y
 Do you want to see your attributes? [ynq] (y) y
 Do you want an account of creatures vanquished? [ynaq] (y) y
 Do you want to see your conduct and achievements? [ynq] (y) y
 Do you want to see the dungeon overview? [ynq] (y) y

Inventory:
 Coins    ('$')
  $ - 31 gold pieces
 Weapons  (')')
  a - a +1 long sword (weapon in right hand)
  b - a +1 lance (alternate weapon; not wielded)
 Armor    ('[')
  d - an uncursed +0 helmet (being worn)
  f - an uncursed +0 pair of leather gloves (being worn)
  e - an uncursed +0 small shield (being worn)
  c - a blessed +1 ring mail (being worn)
 Comestibles  ('%')
  g - 11 uncursed apples
  h - 10 uncursed carrots
  j - an uncursed cram ration
  i - an uncursed tripe ration
 Spellbooks  ('+')
  m - an uncursed spellbook of identify

1212459919 the Knight's attributes:

Background:
 You were an Esquire, a level 3 female human Knight.
 You were lawful, on a mission for Lugh
 who was opposed by Brigit (neutral) and Manannan Mac Lir (chaotic).
 You were right-handed.
 You were in the Gnomish Mines, on level 4.
 You entered the dungeon 903 turns ago.
 You had 56 experience points, 24 more were needed to attain level 4.

Basics:
 You had 0 out of 28 hit points.
 You had all 20 energy points (spell power).
 Your armor class was 3.
 Your wallet contained 31 zorkmids.
 Autopickup was off.

Final Characteristics:
 Your strength was 14 (limit:18/100).
 Your dexterity was 8 (limit:18).
 Your constitution was 12 (limit:18).
 Your intelligence was 9 (limit:18).
 Your wisdom was 15 (limit:18).
 Your charisma was 17 (limit:18).

Final Status:
 You were hungry.
 You were unencumbered.
 You were wielding a long sword.
 You had basic skill with long sword.

Final Attributes:
 You were fervently aligned.
 You could jump.
 You were warded.
 You are dead.

Miscellaneous:
 You didn't encounter any bones levels.
 Total elapsed playing time was 14 minutes and 39 seconds.

Major events:
 Turn
    1: 1212459919 the lawful female human Knight entered the dungeon
  699: entered the Gnomish Mines
  887: attained the rank of Esquire (level 3)
  903: killed by a gnome

You didn't know any spells.

Skills:
 Fighting Skills
   bare handed combat [Unskilled]
   two weapon combat  [Unskilled]
   riding             [Basic]
 Weapon Skills
   dagger             [Unskilled]
   knife              [Unskilled]
   axe                [Unskilled]
   pick-axe           [Unskilled]
   short sword        [Unskilled]
   broadsword         [Unskilled]
   long sword         [Basic]
   two-handed sword   [Unskilled]
   saber              [Unskilled]
   club               [Unskilled]
   mace               [Unskilled]
   morning star       [Unskilled]
   flail              [Unskilled]
   hammer             [Unskilled]
   polearms           [Unskilled]
   spear              [Unskilled]
   trident            [Unskilled]
   lance              [Basic]
   bow                [Unskilled]
   crossbow           [Unskilled]
 Spellcasting Skills
   attack spells      [Unskilled]
   healing spells     [Unskilled]
   clerical spells    [Unskilled]

Voluntary challenges:
 Character rerolling was not enabled.
 You followed a strict vegan diet.
 You were an atheist.
 You were illiterate.
 You never genocided any monsters.
 You never polymorphed an object.
 You never changed form.
 You used no wishes.
Achievements:
 You entered a shop.
 You entered the Gnomish Mines.
 You attained the rank of Esquire.

 The Dungeons of Doom: levels 1 to 2
    Level 1:
       A fountain, a sink.
    Level 2:
       A general store.
       Stairs down to The Gnomish Mines.
 The Gnomish Mines: levels 3 to 4
    Level 3:
    Level 4: <- You were here.
       Final resting place for
          you, killed by a gnome.


Vanquished creatures:
  2 gnome leaders
  4 gnomes
  6 jackals
  a goblin
  4 grid bugs
  2 lichens
  3 newts
22 creatures vanquished.

No species were genocided or became extinct.

Game over:
                       ----------
                      /          \
                     /    REST    \
                    /      IN      \
                   /     PEACE      \
                  /                  \
                  |    1212459919    |
                  |      31 Au       |
                  |   killed by a    |
                  |      gnome       |
                  |                  |
                  |                  |
                  |       2026       |
                 *|     *  *  *      | *
        _________)/\\_//(\/(/\)/\//\/|_)_______

Fare thee well 1212459919 the Knight...

You died in The Gnomish Mines on dungeon level 4 with 402 points,
and 31 pieces of gold, after 903 moves.
You were level 3 with a maximum of 28 hit points when you died.

